 Dungeon Crawl Stone Soup version 0.21-a0-400-g417d9d2 (webtiles) character file.

678710 aspa the Archmage (level 27, -6/164 HPs)
             Began as an Octopode Wizard on Oct 14, 2017.
             Was the Champion of Vehumet.
             Mangled by a storm dragon (18 damage)
             ... while paralysed
             ... on level 5 of the Realm of Zot on Oct 20, 2017.
             The game lasted 14:46:38 (110146 turns).

aspa the Archmage (Octopode Wizard)               Turns: 110146, Time: 14:46:38

Health: -6/164     AC: -1    Str: 17    XL:     27
Magic:  2/63       EV:  2    Int: 50    God:    Vehumet [******]
Gold:   5049       SH:  0    Dex: 10    Spells: 0/80 levels left

rFire    + + +     SeeInvis +   a - +2 scimitar of Fixation {slice, rPois rN+ MP+9 Int+3}
rCold    + + .     Gourm    .   n - +7 large shield of Ipiwkinna {Regen+}
rNeg     + + +     Faith    .   i - -2 hat of the Alchemist {rElec rPois rF+ rC+ rN+ MR+ rMut rCorr}
rPois    +         Spirit   .   Q - +3 amulet of reflection
rElec    +         Reflect  +   C - ring of the Mage {Wiz MR++ Int+3}
rCorr    +         Harm     .   r - ring "Lahaur" {rElec rC+ Str+4 Stlth-}
rMut     +                      v - ring "Holimp" {rF+ rN+ Int+4 Dex-2}
MR       +++++                  V - ring of the Zebra {Str+3 SInv}
Stlth    +++.......             y - +3 ring of intelligence
HPRegen  0.77/turn              k - ring "Nuodab" {rN++ Stlth+}
MPRegen  0.38/turn              H - +3 ring of intelligence
                                o - +4 ring of intelligence

@: paralysed, swift, berserk cooldown, slowed, studying Charms, deflect
missiles, very quick
A: almost no armour, stealthy swim, amphibious, 8 rings, constrict 8, large bone
plates 1, camouflage 1, fire resistance 1, magic resistance 1, strong 1,
gelatinous body 1, MP-powered wands
}: 3/15 runes: serpentine, barnacled, silver
a: Renounce Religion


You were on level 5 of the Realm of Zot.
You worshipped Vehumet.
Vehumet was exalted by your worship.
You were very full.

You visited 11 branches of the dungeon, and saw 53 of its levels.
You also visited: Labyrinth and Ice Cave.

You collected 8117 gold pieces.
You spent 3068 gold pieces at shops.

Inventory:

Hand Weapons
 a - the +2 scimitar of Fixation (weapon) {slice, rPois rN+ MP+9 Int+3}
   (You took it off a deep elf sorcerer on level 3 of the Elven Halls)

   It inflicts extra damage upon your enemies.
   It affects your intelligence (+3).
   It protects you from poison.
   It protects you from negative energy.
   It affects your magic capacity (+9).
 b - the +5 rapier "Xaha Xeaho" {flame, *Noise rN+ Int+7}
   (You found it on level 3 of the Crypt)

   It has been specially enchanted to burn those struck by it, causing extra
   injury to most foes and up to half again as much damage against particularly
   susceptible opponents.
   It affects your intelligence (+7).
   It protects you from negative energy.
   It may make noises in combat.
 s - the cursed +2 fustibalus "Sylomiy" {velocity, rC++ MP+9 Int+2 Dex+4}
   (You found it on level 1 of the Realm of Zot)

   Any stone fired from it inflicts extra damage.
   It affects your intelligence (+2).
   It affects your dexterity (+4).
   It greatly protects you from cold.
   It affects your magic capacity (+9).
   It has a curse placed upon it.
Armour
 i - the -2 hat of the Alchemist (worn) {rElec rPois rF+ rC+ rN+ MR+ rMut rCorr}
   (You found it on level 15 of the Dungeon)

   It protects you from fire.
   It protects you from cold.
   It insulates you from electricity.
   It protects you from poison.
   It protects you from negative energy.
   It affects your resistance to hostile enchantments.
   It protects you from acid and corrosion.
   It protects you from mutation.
 n - the +7 large shield of Ipiwkinna (worn) {Regen+}
   (You took it off Mennas on level 2 of the Vaults)

   It increases your rate of regeneration.
 S - a +2 hat
Jewellery
 k - the ring "Nuodab" (on tentacle) {rN++ Stlth+}
   (You took it off a deep elf blademaster on level 2 of the Elven Halls)

   [ring of stealth]

   It greatly protects you from negative energy.
   It makes you more stealthy.
 o - a +4 ring of intelligence (on tentacle)
 r - the ring "Lahaur" (right tentacle) {rElec rC+ Str+4 Stlth-}
   (You found it on level 6 of the Dungeon)

   [ring of protection from cold]

   It affects your strength (+4).
   It protects you from cold.
   It insulates you from electricity.
   It makes you less stealthy.
 v - the ring "Holimp" (on tentacle) {rF+ rN+ Int+4 Dex-2}
   (You bought it in a shop on level 2 of the Elven Halls)

   [ring of positive energy]

   It affects your intelligence (+4).
   It affects your dexterity (-2).
   It protects you from fire.
   It protects you from negative energy.
 y - a +3 ring of intelligence (on tentacle)
 C - the ring of the Mage (left tentacle) {Wiz MR++ Int+3}
   (You bought it in a shop on level 2 of the Elven Halls)

   [ring of wizardry]

   It improves your spell success rate.
   It affects your intelligence (+3).
   It affects your resistance to hostile enchantments.
 H - a +3 ring of intelligence (on tentacle)
 I - an uncursed ring of protection from cold
 Q - a +3 amulet of reflection (around mantle)
 V - the ring of the Zebra (on tentacle) {Str+3 SInv}
   (You took it off a boggart on level 3 of the Depths)

   [ring of see invisible]

   It affects your strength (+3).
   It lets you see invisible.
Wands
 e - a wand of acid (14/15)
 l - a wand of digging (18/24)
 t - a wand of polymorph (14/24)
 G - a wand of disintegration (18/24)
 U - a wand of disintegration (10/24)
 Z - a wand of lightning (8/15)
Scrolls
 h - 2 scrolls of fog
 j - 10 scrolls of fear
 m - 5 scrolls of blinking
 p - 3 scrolls of silence
 q - 4 scrolls of recharging
 w - a scroll of holy word
 x - 2 scrolls of summoning
 z - 6 scrolls of remove curse
 D - a scroll of enchant weapon
 L - 5 scrolls of identify
 T - a scroll of enchant armour
 W - 2 scrolls of magic mapping
 Y - 13 scrolls of teleportation
Potions
 f - 4 potions of invisibility
 A - a potion of heal wounds
 B - 3 potions of haste
 E - a potion of cancellation
 F - 6 potions of lignification
 J - 8 potions of brilliance
 K - 3 potions of magic
 M - a potion of ambrosia
 N - 8 potions of curing
 O - 2 potions of flight
 P - a potion of berserk rage
 X - 4 potions of resistance
Books
 c - a manual of Charms
 g - a book of Flames

   Spells                             Type                      Level
   a - Flame Tongue                   Conjuration/Fire             1
   b - Throw Flame                    Conjuration/Fire             2
   c - Conjure Flame                  Conjuration/Fire             3
   d - Inner Flame                    Hexes/Fire                   3
   e - Sticky Flame                   Conjuration/Fire             4
   f - Fireball                       Conjuration/Fire             5
Comestibles
 d - 25 bread rations
 u - 5 chunks of flesh
 R - a royal jelly


   Skills:
 - Level 8.0 Fighting
 - Level 5.3 Dodging
 - Level 4.0 Stealth
 * Level 23.5 Shields
 O Level 27 Spellcasting
 - Level 26.0 Conjurations
 - Level 4.0 Charms
 - Level 4.0 Summonings
 - Level 1.0 Translocations
 - Level 1.0 Transmutations
 - Level 6.0 Fire Magic
 - Level 10.0 Ice Magic
 - Level 9.0 Air Magic
 - Level 4.0 Earth Magic


You couldn't memorise any spells.
You knew the following spells:

 Your Spells              Type           Power        Failure   Level  Hunger
a - Magic Dart            Conj           ####         0%          1    None
b - Shadow Creatures      Summ           N/A          2%          6    None
c - Mephitic Cloud        Conj/Pois/Air  ########     0%          3    None
d - Blink                 Tloc           N/A          1%          2    None
e - Lehudib's Crystal Sp  Conj/Erth      ########..   1%          8    None
f - Conjure Flame         Conj/Fire      ########     0%          3    None
g - Animate Skeleton      Necr           N/A          1%          1    None
h - Passwall              Tmut/Erth      #######...   1%          2    None
i - Glaciate              Conj/Ice       ########..   1%          9    None
j - Shroud of Golubria    Chrm/Tloc      #######...   1%          2    None
k - Stone Arrow           Conj/Erth      ######       0%          3    None
m - Regeneration          Chrm/Necr      ######....   1%          3    None
n - Apportation           Tloc           ######       1%          1    None
o - Fireball              Conj/Fire      ########..   0%          5    None
p - Bolt of Draining      Conj/Necr      ########..   1%          5    None
q - Deflect Missiles      Chrm/Air       #######...   1%          6    None
r - Fire Storm            Conj/Fire      ########..   2%          9    None
s - Swiftness             Chrm/Air       #######.     0%          2    None
t - Summon Butterflies    Summ           #######.     1%          1    None
u - Chain Lightning       Conj/Air       ########..   1%          8    None


Dungeon Overview and Level Annotations

Branches:
Dungeon (15/15)            Temple (1/1) D:6            Lair (6/6) D:11
 Shoals (4/4) Lair:3        Snake (4/4) Lair:3        Slime (0/5) Lair:6
    Orc (2/2) D:12            Elf (3/3) Orc:2        Vaults (5/5) D:14
  Crypt (3/3) Vaults:2       Tomb (0/3) Crypt:3      Depths (5/5) D:15
    Zot (5/5) Depths:5

Altars:
Ashenzari
Cheibriados
Dithmenos
Elyvilon
Fedhas
Gozag
Hepliaklqana
Kikubaaqudgha
Makhleb
Nemelex Xobeh
Okawaru
Qazlal
Ru
Sif Muna
Trog
Uskayaw
Vehumet
Wu Jian
Xom
Yredelemnul
Zin
The Shining One
Beogh
Jiyva

Shops:
D:8 ?   D:14 (   D:15 (   Orc:2 !}*[   Elf:1 [}(*!   Elf:2 ((!=[   Elf:3 [
Snake:3 %*[   Vaults:5 %?[?   Depths:2 }(   Depths:3 ?   Depths:5 *

Portals:
Hell: Depths:1 Depths:2 Depths:3 Depths:4 Depths:5
Abyss: Depths:4
Pandemonium: Depths:3
Ziggurat: Depths:5

Annotations:
Zot:5 1 exclusion


Innate Abilities, Weirdness & Mutations

You cannot wear most types of armour.
You are very stealthy in the water. (Stealth+)
You are amphibious.
You can wear up to eight rings at the same time.
You can use your tentacles to constrict eight enemies at once.
Your skin changes colour to match your surroundings (Stealth+).
Your rubbery body absorbs attacks. (AC +1, EV +1)
You are partially covered in large bone plates. (SH +4)
Your flesh is heat resistant. (rF+)
You are resistant to hostile enchantments. (MR+)
Your muscles are strong. (Str +2)
You expend magic power (3 MP) to strengthen your wands.


Message History

You feel yourself moving faster!
You feel mighty!
The storm dragon rages.
Your moth of wrath barely misses the storm dragon.
You feel a strong urge to attack something.
The storm dragon rages.
The Orb Guardian hits your moth of wrath!!!
Your moth of wrath dies!
Your moth of wrath's corpse dissolves into shadows!
Found 22 stones.
You are too berserk!
You feel your anger nearly subside.
You are no longer berserk.
You pass out from exhaustion.
You feel yourself slow down.
You hear a distant "Zot"!
The storm dragon rages.
The storm dragon bites you!!
* * * LOW HITPOINT WARNING * * *
The storm dragon claws you!!
You die...

#### *,* ########## *,*
#........### *,*
*****#........'.# *,*
*,,,*#........#.###,**
*,,,*#.............,,*******
#..,*#..........###,,,,,,,<,
#...*#............#,,,******
#...*#.....@...#,**,*,******
#...*#..[..D...#,,,,,,,,,,,,
#...##....y....#***,*****,,,
#..............# *,,,,,,,,_
#...[...⌠......#*********,,,
#......X.........,* *,,, #
##......###.#.....* ***, #
#..........#(....* *< #
###.##.....##.#.#*** *,


You could see a storm dragon (berserk), an Orb Guardian and a moth of wrath.

Vanquished Creatures
  3 ancient liches
  6 orbs of fire
  Khufu (Crypt:3)
  Mara (Snake:4)
  Mennas (Vaults:2)
  A greater mummy (Crypt:3)
  Bai Suzhen (Depths:1)
  Margery (Depths:5)
  Xtahua (Vaults:5)
  Vashnia (Snake:4)
  3 caustic shrikes (Depths:3)
  Nikola (Shoals:1)
  7 golden dragons
  2 electric golems
  the Enchantress (Depths:3)
  2 bone dragons (Crypt:1)
  Jorgrun (Depths:4)
  An Ice Fiend (IceCv)
  5 liches
  19 tentacled monstrosities
  A shard shrike skeleton (Crypt:1)
  6 quicksilver dragons
  7 titans
  4 deep elf master archers (Elf:3)
  4 deep elf blademasters
  6 death cobs
  Gastronok (D:8)
  2 ancient champions (Crypt:3)
  5 sphinxes
  4 tengu reavers
  19 storm dragons
  Kirke (Elf:1)
  8 draconian monks
  4 revenants (Crypt:3)
  10 shadow dragons
  9 nagarajas
  Ilsuiw (Shoals:4)
  Donald (Elf:1)
  16 fire giants
  An azure jelly (shapeshifter) (Depths:3)
  16 frost giants
  18 vault wardens
  2 iron dragons
  5 draconian knights
  Aizul (Snake:3)
  A ghost moth (Crypt:3)
  An orc warlord (Vaults:1)
  5 draconian scorchers
  11 deep elf sorcerers
  6 deep elf elementalists
  A reaper (Crypt:3)
  4 draconian shifters
  4 curse skulls
  Louise (Elf:1)
  16 ironheart preservers
  2 entropy weavers
  A war gargoyle (Vaults:1)
  9 ghouls
  26 very ugly things
  3 draconian stormcallers
  7 spriggan defenders
  4 draconian annihilators
  A caustic shrike skeleton (Crypt:3)
  12 stone giants
  6 vampire knights
  4 deep elf demonologists
  11 yellow draconians
  3 green draconians
  10 spark wasps
  9 white draconians
  9 black draconians
  5 purple draconians
  8 deep elf annihilators
  6 red draconians
  2 merfolk javelineers (Shoals:4)
  14 eidola
  16 ettins
  8 deep elf death magi
  Snorg (Lair:5)
  A minotaur (Lab)
  4 spectral quicksilver dragons (Crypt:3)
  A crystal guardian (Vaults:2)
  A quicksilver dragon zombie (D:15)
  11 fire dragons
  6 jiangshi
  10 merfolk impalers
  11 yaktaur captains
  6 deep elf high priests
  36 vault guards
  2 spectral shadow dragons (Crypt:3)
  6 great orbs of eyes
  8 rakshasas
  A hydra (Lair:6)
  6 spriggan air magi
  8 centaur warriors
  A catoblepas (D:11)
  18 naga warriors
  5 death knights
  14 ice dragons
  An alligator snapping turtle (shapeshifter) (Vaults:1)
  2 alligator snapping turtles (Shoals:4)
  8 anacondas
  A spectral frost giant (Crypt:3)
  7 merfolk aquamancers
  Erica (D:8)
  50 two-headed ogres
  27 dancing weapons
  4 satyrs
  16 ogre magi
  3 deep troll shamans
  5 orc high priests
  5 tengu warriors
  6 deep troll earth magi
  26 naga sharpshooters
  8 vampire magi
  6 shock serpents
  A storm dragon zombie (Crypt:1)
  23 deep elf knights
  6 spriggan berserkers
  2 spectral storm dragons (Crypt:3)
  14 hell knights
  4 spriggans
  8 shadow wraiths
  6 skeletal warriors
  A spectral catoblepas (Crypt:3)
  13 sea snakes
  An unseen horror (shapeshifter) (Vaults:5)
  An iron giant zombie (Crypt:1)
  A salamander mystic (Snake:3)
  A spectral anaconda (Crypt:3)
  2 golden dragon zombies
  A spectral emperor scorpion (Crypt:3)
  A spectral iron dragon (Crypt:3)
  24 deep elf archers
  2 kraken simulacra (Shoals:4)
  9 unseen horrors
  A shadow dragon zombie (Depths:2)
  14 flayed ghosts
  5 naga ritualists
  16 deep trolls
  3 glowing orange brains
  16 necromancers
  A spectral hydra (Crypt:3)
  6 wizards
  3 wolf spider zombies
  14 orc knights
  A golden dragon skeleton (Crypt:1)
  18 ironbrand convokers
  A mana viper (shapeshifter) (Vaults:1)
  20 phantasmal warriors
  52 deep elf magi
  7 large abominations
  An orb spider (shapeshifter) (Vaults:5)
  A harpy (shapeshifter) (D:13)
  9 harpies
  15 manticores
  An anaconda skeleton (Crypt:1)
  A spectral ettin (Crypt:3)
  55 ugly things
  2 wolf spiders
  2 shadow dragon skeletons
  8 fauns
  2 stone giant zombies (Crypt:1)
  A spectral alligator (Crypt:3)
  5 mana vipers
  4 orc sorcerers
  A cyclops (shapeshifter) (Vaults:5)
  A moth of wrath (shapeshifter) (Vaults:5)
  11 salamanders
  2 shock serpent zombies
  7 cyclopes
  14 moths of wrath
  8 elephants
  The ghost of Hasart the Chiller, a novice OpIE of Gozag (D:6)
  7 guardian serpents
  17 naga magi
  22 black mambas
  3 ice statues (IceCv)
  A water nymph (shapeshifter) (Vaults:1)
  6 merfolk sirens
  2 stone giant skeletons
  A frost giant skeleton (Crypt:1)
  2 guardian serpents (shapeshifter)
  A yellow draconian zombie (Crypt:2)
  A titan simulacrum (Crypt:1)
  6 water nymphs
  A fire giant skeleton (Crypt:1)
  15 vault sentinels
  4 gargoyles
  22 spiny frogs
  A grey draconian zombie (Crypt:3)
  A dire elephant skeleton (Crypt:1)
  25 freezing wraiths
  6 rime drakes
  9 ice devils (IceCv)
  4 komodo dragons
  2 anaconda simulacra (IceCv)
  48 yaktaurs
  3 tengu conjurers
  A yaktaur skeleton (Vaults:4)
  2 yaktaurs (shapeshifter)
  2 komodo dragons (shapeshifter)
  2 sea snake zombies
  A redback zombie (D:15)
  4 golden dragon simulacra
  2 spriggan skeletons
  3 meliai (D:15)
  6 hornets
  A jumping spider (shapeshifter) (Vaults:3)
  A queen bee (Lair:2)
  5 wind drakes
  13 trolls
  26 merfolk
  A hydra zombie (Crypt:3)
  A wolf spider simulacrum (D:14)
  3 tyrant leeches (Lair:6)
  A hydra skeleton (Crypt:3)
  15 slime creatures
  6 dream sheep
  23 blink frogs
  An ice dragon zombie (D:15)
  An alligator zombie (Crypt:1)
  13 hippogriffs
  5 bog bodies
  A frost giant simulacrum (Crypt:3)
  2 iron dragon simulacra (Crypt:3)
  3 snapping turtles
  A spriggan (shapeshifter) (Vaults:4)
  A jumping spider zombie (Crypt:2)
  A hippogriff (shapeshifter) (Vaults:3)
  3 redbacks (Vaults:4)
  13 air elementals
  6 flying skulls
  A shadow (Crypt:3)
  A spectral black mamba (Crypt:3)
  An ettin skeleton (Crypt:1)
  4 wyverns
  An ice dragon skeleton (Crypt:1)
  5 fire elementals
  A human (shapeshifter) (Depths:1)
  A tarantella (shapeshifter) (Depths:4)
  24 water elementals
  7 basilisks
  A hog (shapeshifter) (Depths:1)
  4 wraiths
  A vampire (D:13)
  2 dire elephant simulacra (IceCv)
  8 hogs
  33 yaks
  3 hungry ghosts
  Grum (D:8)
  2 basilisks (shapeshifter)
  A human (D:7)
  3 chaos spawn (Depths:4)
  A steam dragon (Shoals:2)
  14 vampire mosquitoes
  A harpy simulacrum (IceCv)
  75 nagas
  10 swamp worms
  12 wargs
  A naga (shapeshifter) (Depths:2)
  A faun zombie (Crypt:1)
  An acid dragon (D:13)
  A monstrous demonspawn zombie (Crypt:3)
  A soldier ant (D:15)
  15 water moccasins
  A spectral spiny frog (Crypt:3)
  2 hydra simulacra (IceCv)
  A torturous demonspawn zombie (Crypt:2)
  6 porcupines
  A sky beast (shapeshifter) (Vaults:1)
  2 sky beasts
  58 orc warriors
  A spiny frog skeleton (Crypt:3)
  3 ice beasts
  A black bear (shapeshifter) (Vaults:1)
  A monstrous demonspawn skeleton (Crypt:1)
  An ice beast (shapeshifter) (Depths:3)
  35 ogres
  An ice dragon simulacrum (Crypt:3)
  4 necrophages
  A black bear (D:8)
  An ogre (shapeshifter) (Vaults:5)
  An ettin simulacrum (Crypt:3)
  10 wolves
  5 boggarts
  10 small abominations
  2 phantoms
  A centaur (shapeshifter) (Depths:3)
  An elf skeleton (Vaults:4)
  23 centaurs
  8 crocodiles
  A big kobold (D:7)
  A human zombie (Vaults:4)
  A draconian zombie (Crypt:1)
  2 gnoll sergeants
  26 bullfrogs
  An earth elemental (Elf:3)
  A rime drake skeleton (Crypt:2)
  A glowing shapeshifter simulacrum (Vaults:1)
  A wyvern zombie (D:11)
  2 scorpions
  A spriggan zombie (Crypt:2)
  28 killer bees
  A raiju skeleton (Crypt:1)
  A troll skeleton (Crypt:3)
  15 wights
  2 electric eels (Lair:6)
  3 howler monkeys
  2 vampire bats (D:5)
  4 crimson imps
  A bullfrog zombie (D:8)
  5 jellies
  A quasit (D:10)
  A centaur zombie (D:5)
  6 hounds
  Crazy Yiuf (D:2)
  36 orc priests
  A basilisk skeleton (Crypt:1)
  A bullfrog skeleton (D:7)
  5 centaur skeletons
  An iron imp (Depths:4)
  34 orc wizards
  5 iguanas
  5 worker ants
  7 hell rats
  A killer bee zombie (Crypt:2)
  A felid skeleton (Crypt:2)
  4 hound skeletons
  3 mummies
  13 gnolls
  15 adders
  4 shadow imps
  2 oozes (D:2)
  10 worms
  6 leopard geckos
  135 orcs
  A ball python (D:7)
  4 bat skeletons (D:5)
  2 bat zombies (D:5)
  4 giant cockroaches
  5 goblins
  4 hobgoblins
  6 jackals
  4 quokkas
  A ball python skeleton (D:5)
  11 bats
  2 dart slug zombies
  2 frilled lizards (D:3)
  A goblin zombie (Crypt:1)
  8 kobolds
  9 rats
  3 blocks of ice
  10 fire vortices
  2 plants (Depths:3)
  2 tentacles (Shoals:4)
  A withered plant (D:15)
2500 creatures vanquished.

Vanquished Creatures (collateral kills)
  2 caustic shrikes (Depths:3)
  Saint Roka (Orc:2)
  The ghost of Monsterracer the Executioner, an adept HOBe of Trog (Shoals:4)
  2 liches
  2 sphinxes
  A draconian monk (Zot:2)
  A shadow dragon (Zot:3)
  A fire giant (Vaults:5)
  A nagaraja (Snake:1)
  A frost giant (Depths:2)
  2 vault wardens (Vaults:2)
  A draconian scorcher (Zot:3)
  An ironheart preserver (Vaults:1)
  A spriggan defender (Depths:3)
  2 very ugly things (Depths:1)
  A stone giant (Depths:1)
  A vampire knight (Depths:3)
  A deep elf demonologist (Vaults:4)
  2 spark wasps
  A red draconian (Zot:4)
  A merfolk javelineer (Shoals:4)
  2 eidola
  A deep elf death mage (Crypt:3)
  4 yaktaur captains
  2 ettins
  A merfolk impaler (Shoals:4)
  An ice dragon (Depths:4)
  3 naga warriors
  Harold (Lair:1)
  2 hydras
  A merfolk avatar (Shoals:2)
  An ice dragon (shapeshifter) (Vaults:1)
  2 death knights
  An ogre mage (Vaults:3)
  4 two-headed ogres
  A deep troll shaman (Depths:3)
  2 merfolk aquamancers
  A tengu warrior (Depths:2)
  A deep troll earth mage (Depths:1)
  A dancing weapon (Elf:2)
  A spriggan berserker (Depths:4)
  2 large abominations (D:10)
  A deep elf knight (Elf:2)
  A hell knight (Depths:3)
  2 skeletal warriors
  An iron troll (Depths:5)
  A flayed ghost (Vaults:1)
  3 sea snakes
  2 deep elf archers (Vaults:4)
  2 naga ritualists
  2 deep trolls
  2 phantasmal warriors
  2 deep elf magi (Elf:3)
  A harpy (Shoals:4)
  2 necromancers
  An orc knight (Orc:1)
  A mana viper (Snake:3)
  2 cyclopes
  A faun (Shoals:2)
  6 elephants
  10 ugly things
  3 black mambas
  A manticore (Lair:2)
  6 naga magi
  A water nymph (Shoals:1)
  4 spiny frogs
  2 yaktaurs
  A freezing wraith (D:14)
  A komodo dragon (Lair:4)
  A troll (Orc:2)
  A meliai (shapeshifter) (Depths:1)
  A merfolk (Shoals:3)
  2 hornets
  3 hippogriffs
  2 snapping turtles (Shoals:4)
  A slime creature (Depths:1)
  11 blink frogs
  A deep troll skeleton (D:15)
  10 yaks
  3 spriggans
  A tarantella (shapeshifter) (Vaults:1)
  A wyvern (Lair:6)
  Eustachio (D:4)
  2 basilisks (Lab)
  A steam dragon (Shoals:2)
  2 vampire mosquitoes (D:15)
  4 nagas
  A swamp worm (Lair:6)
  2 wargs
  A water moccasin (Lair:3)
  A floating eye (Depths:4)
  A porcupine (Lair:1)
  2 orc warriors
  2 wolves
  A centaur (D:14)
  4 ogres
  3 crocodiles
  A water moccasin skeleton (Crypt:3)
  6 killer bees
  6 wights
  2 orc priests
  A hound (D:6)
  A jelly (D:11)
  Terence (D:2)
  Jessica (D:2)
  An orc wizard (D:9)
  2 worker ants
  3 adders
  2 adder zombies
  2 worms
  16 orcs
  A quokka (D:2)
  A bush (Shoals:2)
  2 fungi
  3 plants
242 creatures vanquished.

Vanquished Creatures (others)
  5 stone giants
  4 yaktaur captains
  2 merfolk javelineers (Shoals:4)
  2 centaur warriors
  A naga sharpshooter (Snake:4)
  A deep troll (Vaults:5)
  3 deep elf archers
  An orc knight (Vaults:2)
  A moth of wrath (Zot:5)
  14 yaktaurs
  A wraith (Vaults:1)
  A hog (Elf:1)
  An acid dragon (Vaults:2)
  An ogre (Vaults:1)
  A jelly (D:6)
  An orc (Vaults:2)
  10 blocks of ice
  85 fire vortices
  31 fungi
  113 plants
  10 tentacles (Shoals:4)
  2 withered plants (D:15)
291 creatures vanquished.

Grand Total: 3033 creatures vanquished

Notes
Turn   | Place    | Note
-------+----------+-------------------------------------------
     0 | D:1      | aspa the Octopode Wizard began the quest for the Orb.
     0 | D:1      | Reached XP level 1. HP: 11/11 MP: 4/4
   277 | D:2      | Noticed Jessica
   314 | D:1      | Reached XP level 2. HP: 17/17 MP: 1/6
   318 | D:1      | Learned a level 2 spell: Call Imp
   918 | D:2      | Noticed Terence
  1017 | D:2      | Reached XP level 3. HP: 15/21 MP: 0/8
  1022 | D:2      | Learned a level 3 spell: Mephitic Cloud
  1025 | D:2      | Learned a level 2 spell: Blink
  2328 | D:2      | Reached skill level 4 in Spellcasting
  2344 | D:2      | Learned a level 2 spell: Slow
  2536 | D:2      | Killed Jessica
  2536 | D:2      | Reached XP level 4. HP: 27/27 MP: 1/10
  2881 | D:2      | Killed Terence
  2955 | D:2      | Found a runed door.
  2959 | D:2      | Noticed Crazy Yiuf
  2970 | D:2      | Killed Crazy Yiuf
  2970 | D:2      | Reached XP level 5. HP: 31/31 MP: 1/11
  3115 | D:4      | Noticed an ogre
  3713 | D:4      | Noticed Eustachio
  3713 | D:4      | Noticed a sky beast
  4004 | D:3      | Killed an ogre
  4004 | D:3      | Reached skill level 5 in Spellcasting
  4004 | D:3      | Reached XP level 6. HP: 36/36 MP: 1/13
  4010 | D:3      | Learned a level 3 spell: Conjure Flame
  4257 | D:5      | Entered Level 5 of the Dungeon
  4463 | D:4      | Killed a sky beast
  4492 | D:4      | Reached skill level 6 in Spellcasting
  4759 | D:4      | Found a glowing golden altar of the Shining One.
  4759 | D:4      | Found a sacrificial altar of Ru.
  5006 | D:4      | Killed Eustachio
  5006 | D:4      | Reached XP level 7. HP: 35/41 MP: 3/16
  5114 | D:5      | Learned a level 3 spell: Stone Arrow
  5379 | D:6      | Reached skill level 1 in Earth Magic
  5417 | D:6      | Reached skill level 7 in Spellcasting
  5689 | D:5      | Reached XP level 8. HP: 46/46 MP: 2/19
  5851 | D:6      | Noticed Blork the orc
  6081 | D:5      | Reached skill level 8 in Spellcasting
  6089 | D:5      | Gained mutation: One of your tentacles bears a spike. [mutagenic meat]
  6090 | D:5      | Gained mutation: You can translocate small distances at will. [mutagenic meat]
  6195 | D:5      | Found an ancient bone altar of Kikubaaqudgha.
  6483 | D:5      | Found a snail-covered altar of Cheibriados.
  6731 | D:6      | Noticed Hasart's ghost (novice OpIE)
  7010 | D:6      | Noticed Blork
  7010 | D:6      | Blork the orc changed into Blork the worm
  7581 | D:6      | Reached skill level 9 in Spellcasting
  7654 | D:6      | Killed Blork the worm
  7840 | D:6      | Reached XP level 9. HP: 8/51 MP: 0/22
  8054 | D:6      | Got a slimy glass ring
  8055 | D:6      | Identified the ring "Lahaur" {rElec rC+ Str+4 Stlth-} (You found it on level 6 of the Dungeon)
  8270 | D:6      | Killed Hasart's ghost
  8270 | D:6      | Reached skill level 10 in Spellcasting
  8276 | D:6      | Found a staircase to the Ecumenical Temple.
  8282 | Temple   | Entered the Ecumenical Temple
  8499 | Temple   | Became a worshipper of Vehumet
  8561 | Temple   | Learned a level 2 spell: Passwall
  8567 | Temple   | Learned a level 5 spell: Lee's Rapid Deconstruction
  8914 | D:6      | Reached skill level 1 in Air Magic
  9475 | D:8      | Noticed a troll
  9487 | D:8      | Killed a troll
  9487 | D:8      | Reached skill level 1 in Transmutations
  9497 | D:7      | Learned a level 2 spell: Shroud of Golubria
  9501 | D:7      | Learned a level 3 spell: Regeneration
  9614 | D:7      | Reached skill level 11 in Spellcasting
  9671 | D:7      | Reached * piety under Vehumet
  9671 | D:7      | Offered knowledge of Shock by Vehumet.
  9689 | D:8      | Noticed Grum
  9776 | D:7      | Reached XP level 10. HP: 48/56 MP: 5/25
 10063 | D:8      | Noticed a deep elf mage
 10072 | D:8      | Reached skill level 12 in Spellcasting
 10079 | D:8      | Killed a deep elf mage
 10086 | D:8      | Noticed Erica
 10298 | D:8      | Offered knowledge of Throw Frost by Vehumet.
 10335 | D:8      | Reached ** piety under Vehumet
 10744 | D:8      | Found Zedgh's Magic Scroll Emporium.
 10751 | D:8      | Bought a scroll of enchant armour for 90 gold pieces
 10751 | D:8      | Bought a scroll of amnesia for 42 gold pieces
 10751 | D:8      | Bought a scroll of fear for 42 gold pieces
 10761 | D:8      | Killed Grum
 10784 | D:8      | Noticed Gastronok
 11034 | D:8      | Reached skill level 13 in Spellcasting
 11195 | D:8      | Killed Erica
 11195 | D:8      | Reached XP level 11. HP: 61/61 MP: 10/28
 11303 | D:8      | Learned a level 4 spell: Summon Lightning Spire
 11316 | D:8      | Killed Gastronok
 11417 | D:8      | Learned a level 1 spell: Animate Skeleton
 11419 | D:8      | Learned a level 1 spell: Apportation
 11558 | D:9      | Offered knowledge of Static Discharge by Vehumet.
 11563 | D:9      | Learned a level 3 spell: Static Discharge
 11682 | D:9      | Reached skill level 14 in Spellcasting
 11727 | D:9      | Reached *** piety under Vehumet
 11804 | D:9      | Reached skill level 1 in Shields
 12098 | D:10     | Entered Level 10 of the Dungeon
 12628 | D:10     | Offered knowledge of Dazzling Spray by Vehumet.
 12696 | D:11     | Noticed a catoblepas
 12696 | D:11     | Noticed a manticore
 12946 | D:10     | Noticed a wizard
 12981 | D:10     | Killed a wizard
 13350 | D:10     | Noticed a large abomination
 13350 | D:10     | Noticed a large abomination
 13792 | D:10     | Reached **** piety under Vehumet
 13925 | D:10     | Killed a large abomination
 14027 | D:10     | Noticed a large abomination
 14236 | D:10     | Killed a large abomination
 14262 | D:10     | Killed a large abomination
 14655 | D:10     | Reached XP level 12. HP: 66/66 MP: 28/30
 14672 | D:10     | Learned a level 5 spell: Fireball
 14688 | D:11     | Offered knowledge of Irradiate by Vehumet.
 14690 | D:11     | Noticed a two-headed ogre
 14694 | D:11     | Killed a two-headed ogre
 14694 | D:11     | Reached skill level 15 in Spellcasting
 15129 | D:11     | Noticed a five-headed hydra
 15133 | D:11     | Killed a five-headed hydra
 15218 | D:11     | Found a staircase to the Lair.
 15444 | D:11     | Noticed a death knight
 15451 | D:11     | Killed a death knight
 15554 | D:11     | Killed a catoblepas
 15947 | Lair:1   | Entered Level 1 of the Lair of Beasts
 16056 | Lair:1   | Reached skill level 16 in Spellcasting
 16457 | Lair:1   | Reached ***** piety under Vehumet
 16457 | Lair:1   | Offered knowledge of Venom Bolt by Vehumet.
 16644 | Lair:1   | Noticed Harold
 16655 | Lair:1   | Killed Harold
 16715 | Lair:1   | Lost mutation: You can translocate small distances at will. [potion of mutation]
 16715 | Lair:1   | Gained mutation: Your body sometimes deteriorates upon taking damage. [potion of mutation]
 16715 | Lair:1   | Gained mutation: Your system is resistant to poisons. (rPois) [potion of mutation]
 16715 | Lair:1   | Gained mutation: You are frail. (-10% HP) [potion of mutation]
 16715 | Lair:1   | Gained mutation: Your muscles are strong. (Str +2) [potion of mutation]
 16726 | Lair:1   | Got a sapphire rapier
 16727 | Lair:1   | Identified the +7 rapier of the Whale {antimagic, rC+ Str-4 Dex+3 Stlth+} (You found it on level 1 of the Lair of Beasts)
 17236 | Lair:2   | Reached XP level 13. HP: 63/63 MP: 12/33
 17445 | Lair:2   | Reached skill level 17 in Spellcasting
 18264 | Lair:2   | Reached skill level 1 in Fighting
 19264 | Lair:3   | Found a staircase to the Snake Pit.
 19268 | Lair:3   | Found a labyrinth entrance.
 19296 | Lab      | Entered a labyrinth
 20371 | Lab      | Noticed a minotaur
 20462 | Lab      | Killed a minotaur
 20473 | Lab      | Identified the Guide on Earth and the Snowflakes
 20475 | Lab      | Got a dazzling rapier
 20476 | Lab      | Identified the cursed +2 rapier of the Swamp {freeze, *Contam Int+6} (You found it in a labyrinth)
 20746 | Lair:3   | Found a staircase to the Shoals.
 21480 | Lair:4   | Reached skill level 18 in Spellcasting
 21768 | Lair:4   | Offered knowledge of Bolt of Draining by Vehumet.
 21776 | Lair:4   | Learned a level 5 spell: Bolt of Draining
 22016 | Lair:4   | Reached skill level 5 in Fighting
 22464 | D:12     | Reached XP level 14. HP: 79/79 MP: 32/36
 22660 | D:12     | Found a staircase to the Orcish Mines.
 23763 | D:13     | Reached skill level 1 in Charms
 24078 | D:13     | Learned a level 6 spell: Deflect Missiles
 24479 | D:15     | Entered Level 15 of the Dungeon
 24504 | D:14     | Paralysed by a wizard for 4 turns
 24849 | D:14     | Found Vujank's Weapon Emporium.
 25493 | D:14     | Found a gate to the Vaults.
 25639 | D:15     | Found Cyteitucad's Antique Weapon Emporium.
 25639 | D:15     | Found the -2 hat of the Alchemist {rElec rPois rF+ rC+ rN+ MR+ rMut rCorr}
 25884 | D:14     | Offered knowledge of Freezing Cloud by Vehumet.
 25884 | D:14     | Reached skill level 19 in Spellcasting
 27049 | D:15     | Found a staircase to the Depths.
 27243 | D:15     | Reached XP level 15. HP: 86/86 MP: 10/38
 27749 | D:15     | Got a faintly glowing rapier
 27757 | D:15     | Identified the +7 rapier "Peqaim" {pierce, rC+ SInv} (You found it on level 15 of the Dungeon)
 28446 | Depths:1 | Entered Level 1 of the Depths
 28885 | Lair:4   | Lost mutation: You are frail. (-10% HP) [potion of mutation]
 28885 | Lair:4   | Lost mutation: Your system is resistant to poisons. (rPois) [potion of mutation]
 28885 | Lair:4   | Lost mutation: Your muscles are strong. (Str +2) [potion of mutation]
 28885 | Lair:4   | Gained mutation: You are resistant to hostile enchantments. (MR+) [potion of mutation]
 28885 | Lair:4   | Gained mutation: One of your tentacles bears a nasty spike. [potion of mutation]
 28885 | Lair:4   | Gained mutation: One of your tentacles bears a large vicious spike. [potion of mutation]
 28886 | Lair:4   | Lost mutation: Your body sometimes deteriorates upon taking damage. [potion of mutation]
 28886 | Lair:4   | Lost mutation: One of your tentacles bears a large vicious spike. [potion of mutation]
 28886 | Lair:4   | Lost mutation: One of your tentacles bears a nasty spike. [potion of mutation]
 28886 | Lair:4   | Gained mutation: You are dopey. (Int -2) [potion of mutation]
 28886 | Lair:4   | Gained mutation: Your flesh is heat resistant. (rF+) [potion of mutation]
 29549 | Lair:5   | Lost mutation: You are dopey. (Int -2) [potion of mutation]
 29549 | Lair:5   | Lost mutation: Your flesh is heat resistant. (rF+) [potion of mutation]
 29549 | Lair:5   | Lost mutation: One of your tentacles bears a spike. [potion of mutation]
 29549 | Lair:5   | Gained mutation: Your muscles are strong. (Str +2) [potion of mutation]
 29549 | Lair:5   | Gained mutation: You are partially covered in large bone plates. (SH +4) [potion of mutation]
 29549 | Lair:5   | Gained mutation: Your flesh is heat resistant. (rF+) [potion of mutation]
 29558 | Lair:5   | Offered knowledge of Iron Shot by Vehumet.
 29742 | Lair:5   | Noticed Snorg
 29746 | Lair:5   | Killed Snorg
 29913 | Lair:5   | Learned a level 6 spell: Iron Shot
 30583 | Lair:6   | Entered Level 6 of the Lair of Beasts
 30600 | Lair:5   | Reached skill level 20 in Spellcasting
 34096 | Lair:6   | Offered knowledge of Bolt of Cold by Vehumet.
 34436 | Lair:6   | Found a viscous altar of Jiyva.
 34438 | Lair:6   | Found a staircase to the Slime Pits.
 34890 | Orc:1    | Entered Level 1 of the Orcish Mines
 35485 | Orc:1    | Reached skill level 21 in Spellcasting
 35495 | Orc:1    | Reached XP level 16. HP: 72/105 MP: 17/41
 35849 | Orc:2    | Entered Level 2 of the Orcish Mines
 35929 | Orc:2    | Offered knowledge of Ozocubu's Refrigeration by Vehumet.
 36162 | Orc:2    | Learned a level 6 spell: Ozocubu's Refrigeration
 36499 | Orc:2    | Upgraded the game from 0.21-a0-364-gbd1fde4 to 0.21-a0-369-g397cdb2
 36560 | Orc:2    | Found Cotz's Gadget Shoppe.
 36678 | Orc:2    | Found Deatwesomm's Distillery.
 36715 | Orc:2    | Found a roughly hewn altar of Beogh.
 36880 | Orc:2    | Reached skill level 1 in Ice Magic
 37449 | Orc:2    | Found a staircase to the Elven Halls.
 37531 | Orc:2    | Got a scorched trident
 37532 | Orc:2    | Identified the +4 trident "Taor" {pierce, MR- Int+4} (You found it on level 2 of the Orcish Mines)
 37958 | Orc:2    | Noticed Saint Roka
 38217 | Orc:2    | Killed Saint Roka
 38658 | Orc:2    | Found Vaveugi's Antique Armour Emporium.
 38676 | Orc:2    | Bought a runed shield for 180 gold pieces
 38707 | Orc:2    | Found a roughly hewn altar of Beogh.
 38902 | Orc:2    | Found Gax Agg's Assorted Antiques.
 39069 | Elf:1    | Entered Level 1 of the Elven Halls
 39505 | Snake:1  | Entered Level 1 of the Snake Pit
 39505 | Snake:1  | Noticed a nagaraja
 39519 | Snake:1  | Offered knowledge of Orb of Destruction by Vehumet.
 39525 | Snake:1  | Killed a nagaraja
 40890 | Snake:1  | Reached skill level 22 in Spellcasting
 42419 | Snake:2  | Noticed a nagaraja
 42570 | Snake:2  | Killed a nagaraja
 42648 | Snake:2  | Reached skill level 5 in Shields
 42662 | Snake:2  | Reached XP level 17. HP: 70/109 MP: 9/43
 45343 | Snake:3  | Noticed Aizul
 45371 | Snake:3  | Killed Aizul
 45563 | Snake:3  | Reached ****** piety under Vehumet
 45896 | Snake:3  | Reached skill level 23 in Spellcasting
 46178 | Snake:3  | Found Vuehos Comu's Food Emporium.
 46180 | Snake:3  | Found Ecaosueg's Assorted Antiques.
 46182 | Snake:3  | Found Giunow's Antique Armour Emporium.
 46190 | Snake:3  | Bought a distressingly furry shield for 332 gold pieces
 46200 | Snake:3  | Identified the +4 shield of Weightlessness {rC+ rN+} (You bought it in a shop on level 3 of the Snake Pit)
 47358 | Temple   | Learned a level 7 spell: Orb of Destruction
 47517 | Shoals:1 | Entered Level 1 of the Shoals
 47582 | Shoals:1 | Noticed Nikola
 47772 | Shoals:1 | Offered knowledge of Fire Storm by Vehumet.
 47772 | Shoals:1 | Offered knowledge of Glaciate by Vehumet.
 47772 | Shoals:1 | Offered knowledge of Chain Lightning by Vehumet.
 48377 | Shoals:1 | Killed Nikola
 48972 | Shoals:2 | Reached XP level 18. HP: 116/116 MP: 8/45
 51507 | Shoals:4 | Entered Level 4 of the Shoals
 51560 | Shoals:4 | Found a frozen archway.
 51688 | Shoals:4 | Noticed Monsterracer's ghost (adept HOBe)
 51870 | IceCv    | Entered an ice cave
 52421 | IceCv    | Noticed an Ice Fiend
 52438 | IceCv    | Killed an Ice Fiend
 52438 | IceCv    | Reached skill level 24 in Spellcasting
 53042 | IceCv    | Found the +3 giant club "Skullcrusher" {speed, Str+7}
 53060 | IceCv    | Identified a scroll of acquirement
 53061 | IceCv    | Got a crude turquoise ring
 53062 | IceCv    | Identified the ring of Haes {rC- rN+++ EV+4 Dex-3 Slay+4} (You acquired it in an ice cave)
 53558 | Shoals:4 | Killed Monsterracer's ghost
 53750 | Shoals:4 | Noticed Ilsuiw
 55309 | Shoals:4 | Learned a level 2 spell: Swiftness
 56513 | Shoals:4 | Reached XP level 19. HP: 120/120 MP: 16/47
 56837 | Shoals:4 | Got a barnacled rune of Zot
 57023 | Shoals:4 | Killed Ilsuiw
 57564 | Shoals:4 | Got an iridescent war axe
 57565 | Shoals:4 | Identified the cursed +3 war axe of Wisdom {chop, *Drain rPois Stlth+} (You found it on level 4 of the Shoals)
 57825 | Temple   | Upgraded the game from 0.21-a0-369-g397cdb2 to 0.21-a0-372-gd0ff781
 58083 | Snake:4  | Entered Level 4 of the Snake Pit
 58085 | Snake:4  | Reached skill level 10 in Shields
 59626 | Snake:4  | Noticed Vashnia
 59930 | Snake:4  | Noticed Mara
 59950 | Snake:4  | Noticed aspa's illusion
 59950 | Snake:4  | Killed Mara
 61207 | Snake:4  | Killed Vashnia
 61593 | Snake:4  | Got a serpentine rune of Zot
 62177 | Vaults:1 | Entered Level 1 of the Vaults
 62733 | Vaults:1 | Reached XP level 20. HP: 126/126 MP: 11/48
 63604 | Vaults:1 | Learned a level 1 spell: Summon Butterflies
 63604 | Vaults:1 | Reached skill level 15 in Shields
 64037 | Vaults:1 | Reached skill level 5 in Conjurations
 65650 | Vaults:1 | Got an uncursed warped mace {crush}
 65651 | Vaults:1 | Identified the +9 mace "Haaheo" {crush, rElec rC+ Int-4} (You found it on level 1 of the Vaults)
 66389 | Vaults:1 | Reached skill level 25 in Spellcasting
 67230 | Vaults:2 | Noticed Mennas
 68069 | Depths:1 | Noticed Bai Suzhen
 68076 | Depths:1 | Killed Bai Suzhen
 68076 | Depths:1 | Reached XP level 21. HP: 132/132 MP: 14/50
 69215 | Depths:1 | Found a gateway to Hell.
 70460 | Depths:2 | Reached skill level 26 in Spellcasting
 71284 | Depths:3 | Noticed the Enchantress
 71300 | Depths:3 | Killed the Enchantress
 71336 | Depths:3 | Upgraded the game from 0.21-a0-372-gd0ff781 to 0.21-a0-380-gd65dc97
 71576 | Depths:2 | Found Unit's Weapon Boutique.
 71576 | Depths:2 | Found Vettit's Gadget Shop.
 71646 | Depths:2 | Found a glowing golden altar of the Shining One.
 72390 | Depths:2 | Reached XP level 22. HP: 57/137 MP: 25/52
 73865 | Depths:3 | Reached skill level 27 in Spellcasting
 73911 | Depths:2 | Learned a level 8 spell: Chain Lightning
 74143 | Depths:3 | Reached skill level 5 in Air Magic
 74172 | Depths:3 | Got a pitted steel ring
 74179 | Depths:3 | Identified the ring of the Zebra {Str+3 SInv} (You took it off a boggart on level 3 of the Depths)
 74738 | Depths:3 | Found Lavuewni's Magic Scroll Emporium.
 75372 | Depths:3 | Reached skill level 10 in Conjurations
 76691 | Depths:3 | Noticed a caustic shrike
 76717 | Depths:3 | Killed a caustic shrike
 76803 | Depths:3 | Reached XP level 23. HP: 92/143 MP: 5/54
 77323 | Depths:3 | Noticed a caustic shrike
 77325 | Depths:3 | Noticed a caustic shrike
 77326 | Depths:3 | Killed a caustic shrike
 77327 | Depths:3 | Noticed a caustic shrike
 77328 | Depths:3 | Killed a caustic shrike
 77332 | Depths:3 | Killed a caustic shrike
 77514 | Depths:3 | Found a one-way gate leading to the halls of Pandemonium.
 77939 | Depths:4 | Found a one-way gate to the infinite horrors of the Abyss.
 78046 | Depths:4 | Noticed a caustic shrike
 78057 | Depths:3 | Killed a caustic shrike
 78273 | Depths:4 | Noticed Jorgrun
 78452 | Depths:4 | Killed Jorgrun
 78489 | Depths:4 | Paralysed by a floating eye for 4 turns
 78694 | Depths:4 | Noticed a golden dragon
 79027 | Depths:4 | Reached skill level 15 in Conjurations
 79295 | Depths:4 | Identified the Reference Book on Bewitchment and Conjuration
 79319 | Depths:4 | Killed a golden dragon
 79642 | Depths:4 | Got a warped morningstar {crush}
 79645 | Depths:4 | Identified the cursed +0 morningstar "Igud" {crush, rF+} (You took it off a hell knight on level 4 of the Depths)
 80312 | Depths:5 | Entered Level 5 of the Depths
 80491 | Depths:5 | Noticed a golden dragon
 80503 | Depths:4 | Killed a golden dragon
 80772 | Depths:5 | Reached XP level 24. HP: 127/148 MP: 34/54
 80974 | Depths:5 | Found a gateway to a ziggurat.
 80977 | Depths:5 | Found a gate to the Realm of Zot.
 81065 | Depths:5 | Noticed Margery
 81224 | Depths:4 | Upgraded the game from 0.21-a0-380-gd65dc97 to 0.21-a0-394-gdc75ea7
 81279 | Depths:5 | Killed Margery
 82345 | Depths:5 | Found Ycwucweag's Serpentskin Sales.
 82363 | Depths:5 | Found an iron altar of Okawaru.
 82748 | Temple   | Learned a level 9 spell: Glaciate
 84497 | Vaults:3 | Got a serpentine pewter ring
 84498 | Vaults:3 | Identified the ring "Qiuclock" {Fire rN+ Dex+2} (You acquired it on level 3 of the Vaults)
 85678 | Vaults:4 | Reached skill level 5 in Ice Magic
 85686 | Vaults:4 | Reached XP level 25. HP: 153/153 MP: 24/54
 86901 | Vaults:5 | Entered Level 5 of the Vaults
 87932 | Vaults:5 | Noticed Xtahua
 87936 | Vaults:5 | Killed Xtahua
 87936 | Vaults:5 | Reached skill level 10 in Ice Magic
 87943 | Vaults:5 | Noticed an ancient lich
 88044 | Vaults:5 | Reached XP level 26. HP: 93/159 MP: 5/54
 88459 | Vaults:5 | Got a faintly glowing jade ring
 88462 | Vaults:5 | Identified the ring of the Distant Future {rN+ Dex+5} (You took it off a frost giant on level 5 of the Vaults)
 88606 | Vaults:5 | Killed an ancient lich
 88674 | Vaults:5 | Identified Sif Muna's Handbook of Arcane Weapons
 88874 | Vaults:5 | Got a silver rune of Zot
 88989 | Vaults:5 | Got an iridescent glaive
 88990 | Vaults:5 | Identified the +10 glaive "Dragonslayer" {speed, rElec Dex+2} (You found it on level 5 of the Vaults)
 89053 | Vaults:5 | Found Pafina's Food Boutique.
 89057 | Vaults:5 | Found Axasol's Magic Scroll Shoppe.
 89082 | Vaults:5 | Found Detusu's Magic Scroll Emporium.
 89213 | Vaults:5 | Got a wavering copper ring
 89214 | Vaults:5 | Identified the ring "Deqis" {*Tele rC- Dex+7} (You took it off a yaktaur on level 5 of the Vaults)
 89271 | Vaults:5 | Found Laitara's Antique Armour Shop.
 89273 | Vaults:5 | Found the +3 pair of gauntlets of War {Slay+5}
 89297 | Vaults:5 | Identified the Handbook of Lightness and Hexes
 89300 | Vaults:5 | Identified the Almanac of Dusty Necromancy
 89363 | Vaults:5 | Upgraded the game from 0.21-a0-394-gdc75ea7 to 0.21-a0-396-ga924934
 90082 | Elf:1    | Found Qeis's Armour Emporium.
 90118 | Elf:1    | Found Cacs's Gadget Shoppe.
 90132 | Elf:1    | Found Mihe Xuupte's Antique Weapon Shop.
 90139 | Elf:1    | Bought a smoking long sword for 238 gold pieces
 90141 | Elf:1    | Found Pefiumuch's General Store.
 90327 | Elf:1    | Identified the +1 long sword of Otileutz {elec, *Rage Dex+2 Stlth+} (You bought it in a shop on level 1 of the Elven Halls)
 90356 | Elf:1    | Found Murche Ynuwys's Distillery.
 90479 | Elf:1    | Noticed Louise
 90482 | Elf:1    | Killed Louise
 90483 | Elf:1    | Noticed Kirke
 90491 | Elf:1    | Killed Kirke
 90735 | Elf:1    | Noticed Donald
 90740 | Elf:1    | Killed Donald
 90762 | Elf:1    | Reached skill level 1 in Fire Magic
 91407 | Elf:2    | Found Tuabbecw's Weapon Emporium.
 91604 | Elf:2    | Found Bara Mokenu's Weapon Emporium.
 91608 | Elf:2    | Found Dour Jene's Distillery.
 91690 | Elf:2    | Found Mamp's Jewellery Shop.
 91693 | Elf:2    | Bought the ring "Holimp" {rF+ rN+ Int+4 Dex-2} for 725 gold pieces
 91693 | Elf:2    | Bought the ring of the Mage {Wiz MR++ Int+3} for 982 gold pieces
 91693 | Elf:2    | Found the ring of the Mage {Wiz MR++ Int+3}
 91710 | Elf:2    | Found Yrchoix's Antique Armour Emporium.
 91809 | Elf:2    | Found a runed gate.
 91809 | Elf:2    | Found a runed gate.
 91810 | Elf:2    | Found a runed gate.
 92659 | Elf:3    | Entered Level 3 of the Elven Halls
 92716 | Elf:3    | Found Ytysch's Antique Armour Shop.
 92790 | Elf:3    | Learned a level 9 spell: Fire Storm
 93171 | Elf:3    | Got an ancient diamond amulet
 93172 | Elf:3    | Got a translucent dagger {venom}
 93185 | Elf:2    | Identified the amulet of Eru Juf {RegenMP rF++} (You took it off a deep elf annihilator on level 3 of the Elven Halls)
 93186 | Elf:2    | Identified the +10 dagger "Udestry" {venom, rPois rN+} (You took it off a deep elf annihilator on level 3 of the Elven Halls)
 93339 | Elf:2    | Got a sparkling bone ring
 93343 | Elf:2    | Identified the ring "Nuodab" {rN++ Stlth+} (You took it off a deep elf blademaster on level 2 of the Elven Halls)
 93531 | Elf:3    | Reached XP level 27. HP: 131/164 MP: 41/54
 93985 | Elf:3    | Identified Sif Muna's Volume of Battle Magic and Augmentations
 94000 | Elf:3    | Got a crude shortbow
 94047 | Elf:3    | Got a scorched scimitar {slice}
 94228 | Elf:3    | Got a twisted hand axe {holy}
 94232 | Elf:3    | Got a brightly glowing quarterstaff {crush}
 94299 | Elf:3    | Identified the +7 hand axe "Orifaor" {holy, *Contam rElec MR+++ Int+2} (You took it off a deep elf high priest on level 3 of the Elven Halls)
 94300 | Elf:3    | Identified the +1 quarterstaff of Ceowaur {crush, Str+7} (You took it off a deep elf death mage on level 3 of the Elven Halls)
 94301 | Elf:3    | Identified the +2 scimitar of Fixation {slice, rPois rN+ MP+9 Int+3} (You took it off a deep elf sorcerer on level 3 of the Elven Halls)
 94302 | Elf:3    | Identified the +4 shortbow of Symmetry {venom, rElec Str-3 Dex+6} (You found it on level 3 of the Elven Halls)
 94633 | Elf:3    | Got a coiled tin amulet
 95282 | Elf:3    | Identified the amulet "Weizxixt" {Gourm Str+2} (You took it off a deep elf blademaster on level 3 of the Elven Halls)
 96919 | Temple   | Gained mutation: You expend magic power (3 MP) to strengthen your wands. [mutagenic glow]
 97397 | Orc:2    | Bought a scroll of amnesia for 94 gold pieces
 97737 | Vaults:5 | Bought a scroll of amnesia for 35 gold pieces
 97737 | Vaults:5 | Bought a scroll of teleportation for 30 gold pieces
 97737 | Vaults:5 | Bought a scroll of identify for 20 gold pieces
 97737 | Vaults:5 | Bought a scroll of identify for 20 gold pieces
 97963 | Depths:3 | Bought a scroll of amnesia for 49 gold pieces
 97963 | Depths:3 | Bought 2 scrolls of teleportation for 84 gold pieces
 97963 | Depths:3 | Bought a scroll of blinking for 105 gold pieces
 98206 | Temple   | Learned a level 6 spell: Shadow Creatures
 98216 | Temple   | Learned a level 8 spell: Lehudib's Crystal Spear
 98216 | Temple   | Upgraded the game from 0.21-a0-396-ga924934 to 0.21-a0-400-g417d9d2
 98604 | Vaults:2 | Reached skill level 5 in Fire Magic
 99772 | Vaults:2 | Killed Mennas
 99796 | Vaults:2 | Got a brightly glowing large shield
 99797 | Vaults:2 | Identified the +7 large shield of Ipiwkinna {Regen+} (You took it off Mennas on level 2 of the Vaults)
 99846 | Vaults:2 | Found a staircase to the Crypt.
 99967 | Crypt:1  | Entered Level 1 of the Crypt
100005 | Crypt:1  | Reached skill level 5 in Dodging
101864 | Crypt:2  | Identified Ciunkeol's Disquisition on Ashen Unholy Rituals
102253 | Crypt:3  | Entered Level 3 of the Crypt
102521 | Crypt:3  | Noticed Khufu
102524 | Crypt:3  | Noticed a greater mummy
102525 | Crypt:3  | Killed Khufu
102700 | Crypt:3  | Noticed an ancient lich
102705 | Crypt:3  | Killed an ancient lich
103242 | Crypt:3  | Killed a greater mummy
103968 | Crypt:3  | Got a heavily runed lapis lazuli ring
103980 | Crypt:3  | Identified the ring of Biadon {*Tele rPois MR+} (You found it on level 3 of the Crypt)
104093 | Crypt:3  | Found a staircase to the Tomb.
104559 | Crypt:3  | Got a slimy rapier
104560 | Crypt:3  | Identified the +5 rapier "Xaha Xeaho" {flame, *Noise rN+ Int+7} (You found it on level 3 of the Crypt)
105486 | Zot:1    | Entered Level 1 of the Realm of Zot
105498 | Zot:1    | Noticed an orb of fire
105501 | Zot:1    | Killed an orb of fire
105775 | Zot:1    | Got a warped fustibalus
105787 | Zot:1    | Identified the cursed +2 fustibalus "Sylomiy" {velocity, rC++ MP+9 Int+2 Dex+4} (You found it on level 1 of the Realm of Zot)
106006 | Zot:2    | Noticed an orb of fire
106012 | Zot:2    | Killed an orb of fire
106066 | Zot:2    | Noticed an orb of fire
106071 | Zot:2    | Killed an orb of fire
106380 | Zot:2    | Noticed an orb of fire
106386 | Zot:2    | Killed an orb of fire
107467 | Zot:3    | Noticed an orb of fire
107470 | Zot:3    | Killed an orb of fire
109580 | Zot:4    | Noticed an orb of fire
109583 | Zot:4    | Killed an orb of fire
109928 | Zot:5    | Entered Level 5 of the Realm of Zot
110017 | Zot:5    | Noticed an ancient lich
110018 | Zot:5    | Killed an ancient lich
110146 | Zot:5    | Mangled by a storm dragon

Vault maps used:
D:1:      dpeg_cavernosity
D:2:      kennysheep_generic_room_8, uniq_terence, uniq_jessica,
          uniq_crazy_yiuf_cottage
D:4:      gammafunk_temple_overflow_pools, first_bread, uniq_eustachio
D:5:      kennysheep_vampire_church, slow_altar_2
D:6:      minmay_temple_entry_hall, uniq_blork_the_orc
D:7:      grunt_livestock, hangedman_decor_peaks_small
D:8:      minmay_opposing_rooms, serial_shops, nicolae_shop_crystal,
          uniq_gastronok, uniq_grum, uniq_erica
D:10:     serial_column_ruins, column_ruins_courtyard_long,
          column_ruins_corridor_straight, column_ruins_corridor_straight,
          column_ruins_grid_3, column_ruins_grid_3, laboratory
D:11:     nzn_motion_control, david_lair_generic, stair_cage_line
D:12:     orc_0_dummy, hangedman_abyss_or_decor_jellyfish_corner,
          lemuel_old_faithful
D:14:     david_vaults_2, serial_shops, shop, corexii_hall_statues_l
D:15:     gammafunk_depths_entry_grave, serial_co_window_serial,
          co_window_paths_b, co_window_of_opportunity_a, co_window_paths_a,
          co_window_corner_a, co_window_cross_1, co_window_paths_c,
          co_window_broadway_a, co_window_unsneaky_path_e, co_window_cross_2,
          co_window_broadway_c, co_window_2corner, glass_columns_b,
          serial_shops, nicolae_shop_temple_entry_statues_fountains
Temple:   dpeg_five_rooms_temple
Lair:1:   lemuel_fruit_tree, infiniplex_staircase_pool_2, uniq_harold
Lair:2:   regret_index_wax_grids
Lair:3:   minmay_shoals_entry_beasts, dummy_snake_entry, lab_entry_generic,
          serial_forest, infiniplex_forest_lined_room_2,
          infiniplex_forest_lined_corner, infiniplex_forest_clump_long,
          infiniplex_forest_lined_corner, infiniplex_forest_fountain,
          infiniplex_forest_lined_room_
Lair:4:   hangedman_lair_unloving_vines
Lair:5:   uniq_snorg
Lair:6:   minmay_lair_end_frog_pond, slime_altar_1, worms_lemuel,
          grunt_megastairs_1
Shoals:1: uniq_nikola
Shoals:2: cheibrodos_shoals_satyrical_garden, nicolae_shoals_drake_roost
Shoals:3: nicolae_shoals_square_sea_wall
Shoals:4: shoals_end_grunt_ice, shoals_ilsuiw_alternative,
          portal_ice_cave_entry_dragon, uniq_ilsuiw
Snake:1:  grunt_ministairs_2, nicolae_coiled_stairwell_down
Snake:2:  hangedman_cross_stitches
Snake:3:  minmay_shop_star, uniq_aizul
Snake:4:  minmay_snake_end_coiled, uniq_vashnia, uniq_mara
Orc:2:    pubby_orc_utopia
Elf:1:    serial_shops, shop, shop, nicolae_shop_stone, shop, shop,
          minivault_28, st_stairs_14, hangedman_elf_targetted_burst, uniq_kirke,
          uniq_louise, uniq_donald
Elf:2:    serial_shops, nicolae_shop_waterfront, shop, shop_fountains, shop,
          shop_fountains, basic_stair_grate_trap
Elf:3:    minmay_elf_hall_furrowed, serial_shops, shop
Vaults:1: v_misc_31, st_greater_box_2, v_misc_8,
          hangedman_vaults_stretched_pinwheel, ontoclasm_vaults_ligature,
          v_misc_23, v_misc_9, vaults_dpeg_ring, hangedman_vaults_corner,
          dpeg_vaults_monster_row, ontoclasm_vaults_hangar
Vaults:2: v_pattern_4, nicolae_vaults_diagonal_hallway_7,
          nicolae_vaults_network_quinsquares, hangedman_vaults_capsules,
          minmay_crypt_entry_simple_walls, nicolae_vaults_alarming,
          hangedman_vaults_restitches, vaults_mumra_minichess, st_more_cells,
          ontoclasm_vaults_shuriken, nicolae_vaults_ring_of_whatevers,
          ontoclasm_vaults_ring_square, uniq_mennas
Vaults:3: nicolae_vaults_little_squares_1, v_misc_26, st_quartered_hall,
          hangedman_vaults_snaps, vaults_room_fancy_cross, vaults_mumra_hex,
          nicolae_vaults_yaktaur_gun_rack, vaults_dpeg_encased_lava,
          vaults_room_door_ring, uniq_saint_roka
Vaults:4: nicolae_vaults_bisected_slash, vaults_dpeg_diagonal, vaults_room_grid,
          st_lattice, nicolae_vaults_little_squares_4, hangedman_vaults_nails,
          nicolae_vaults_specimen_jars, nicolae_vaults_little_squares_3,
          v_misc_5, vaults_room_fancy_cross, ontoclasm_vaults_idyll, v_misc_8,
          hangedman_vaults_river_flow, hangedman_vaults_nails,
          ontoclasm_vaults_loading_screen, dpeg_vaults_monster_box
Vaults:5: uniq_xtahua
Crypt:1:  hangedman_staggered_hall
Crypt:3:  due_elkab, uniq_khufu
Depths:1: minmay_misc_feat_rows, hell_entry, lightli_minifort,
          grunt_megastairs_2, uniq_bai_suzhen
Depths:2: grunt_house_of_mirrors, minmay_misc_feat_secret_circle, hell_entry,
          minmay_misc_feat_nine_boxes, serial_bayou_lagoon_a, tso_altar,
          minmay_shoptagon
Depths:3: grunt_twisty_corner, hell_entry, serial_shops,
          nicolae_shop_window_shopping, pan_entry,
          infiniplex_staircase_spiral_double, serial_bayou_shore_b,
          uniq_enchantress
Depths:4: hangedman_arch_fort, grunt_hell_entry_dis_grunt,
          minmay_room_of_horrors, grunt_decor_cap, uniq_jorgrun
Depths:5: evilmike_zot_entry_diamond, enter_ziggurat_e,
          okawaru_ov_weapons_minmay, pf_vacation_house_of_asmodeus,
          guppyfry_shop_venom, serial_bayou_shore_b, uniq_margery
Zot:4:    hangedman_zot_gyre
Zot:5:    basic_altar
Lab:      labyrinth_spiral, nicolae_lab_lava, lab_hedge, nicolae_lab_x,
          nicolae_lab_grate_2, nicolae_lab_hexagon
IceCv:    ice_cave_tombish

Skill      XL: |  1  2  3  4  5  6  7  8  9 10 11 12 13 14 15 16 17 18 19 20 21 22 23 24 25 26 27 |
---------------+----------------------------------------------------------------------------------+-----
Conjurations   | 2 3 4 9 12 16 19 21 24 26 | 26.0
Spellcasting   | 4 5 6 7 9 11 13 14 16 18 19 21 22 23 24 25 26 27 | 27.0
Earth Magic    | 1 3 4 |  4.0
Air Magic      | 2 3 4 8 9 |  9.0
Transmutations | 1 |  1.0
Shields        | 4 5 7 9 14 15 23 | 23.5
Summonings     | 2 4 |  4.0
Fighting       | 5 6 8 |  8.0
Charms         | 4 |  4.0
Stealth        | 4 |  4.0
Ice Magic      | 4 5 10 | 10.0
Fire Magic     | 4 6 |  6.0
Dodging        | 5 |  5.3
Translocations | |  1.0

Action                   |  1- 3 |  4- 6 |  7- 9 | 10-12 | 13-15 | 16-18 | 19-21 | 22-24 | 25-27 || total
-------------------------+-------+-------+-------+-------+-------+-------+-------+-------+-------++-------
Melee: Unarmed           |    35 |    14 |       |       |       |       |       |       |       ||    49
       Constrict         |     8 |     9 |    27 |    25 |    27 |    26 |    17 |    15 |    18 ||   172
       Tentacles         |     6 |     4 |    16 |    16 |    20 |    26 |    26 |    34 |    25 ||   173
       Quarterstaff      |       |     8 |       |       |       |       |       |       |       ||     8
       Flail             |       |    10 |       |       |       |       |       |       |       ||    10
       Staff             |       |     4 |    82 |    60 |    13 |       |       |       |       ||   159
       Dagger            |       |       |    16 |     6 |       |       |       |       |       ||    22
       Kick              |       |       |    19 |    20 |    27 |       |       |       |       ||    66
       Halberd           |       |       |     7 |    66 |       |       |       |       |       ||    73
       Spear             |       |       |       |    34 |    30 |       |       |       |       ||    64
       Rapier            |       |       |       |       |    86 |   143 |   142 |   129 |   100 ||   600
       Scimitar          |       |       |       |       |       |       |       |       |    67 ||    67
 Cast: Magic Dart        |    87 |   111 |   248 |   220 |    98 |    45 |     3 |       |     2 ||   814
       Call Imp          |     9 |    21 |    15 |    11 |     4 |       |       |       |       ||    60
       Mephitic Cloud    |       |     9 |    15 |    26 |     4 |       |     1 |     3 |       ||    58
       Blink             |       |     2 |    21 |    17 |    41 |    32 |    31 |    32 |    21 ||   197
       Conjure Flame     |       |     3 |    23 |    19 |    41 |     9 |     3 |     5 |    17 ||   120
       Stone Arrow       |       |       |    33 |   179 |   402 |   189 |    52 |    57 |   137 ||  1049
       Passwall          |       |       |     4 |       |       |       |       |     2 |       ||     6
       Animate Skeleton  |       |       |       |    49 |   131 |   183 |   132 |    91 |   173 ||   759
       Summon Lightning  |       |       |       |    23 |    30 |     5 |    10 |    17 |     8 ||    93
       Lee's Rapid Decon |       |       |       |     7 |     9 |       |       |       |       ||    16
       Regeneration      |       |       |       |     8 |    45 |    16 |    12 |    16 |    26 ||   123
       Static Discharge  |       |       |       |     3 |       |       |       |       |       ||     3
       Shroud of Golubri |       |       |       |     2 |    53 |   106 |    80 |    88 |    85 ||   414
       Fireball          |       |       |       |     9 |    90 |   155 |   104 |    82 |    53 ||   493
       Bolt of Draining  |       |       |       |       |   161 |   521 |   476 |   339 |   357 ||  1854
       Deflect Missiles  |       |       |       |       |     1 |    10 |     8 |     5 |    11 ||    35
       Iron Shot         |       |       |       |       |    29 |    62 |    70 |    31 |       ||   192
       Swiftness         |       |       |       |       |       |     2 |     3 |     5 |     1 ||    11
       Ozocubu's Refrige |       |       |       |       |       |       |    34 |    22 |     9 ||    65
       Orb of Destructio |       |       |       |       |       |       |    39 |   135 |    83 ||   257
       Summon Butterflie |       |       |       |       |       |       |     5 |    12 |    15 ||    32
       Chain Lightning   |       |       |       |       |       |       |       |    30 |    51 ||    81
       Glaciate          |       |       |       |       |       |       |       |       |    16 ||    16
       Fire Storm        |       |       |       |       |       |       |       |       |    51 ||    51
       Lehudib's Crystal |       |       |       |       |       |       |       |       |   276 ||   276
       Shadow Creatures  |       |       |       |       |       |       |       |       |    12 ||    12
 Abil: Blink             |       |       |     3 |       |       |       |       |       |       ||     3
       Evoke Flight      |       |       |       |       |       |     1 |       |       |       ||     1
Evoke: Wand              |       |       |     1 |     5 |    14 |    11 |     7 |     1 |     4 ||    43
       Lamp of fire      |       |       |       |       |       |     3 |       |       |       ||     3
       Phial of floods   |       |       |       |       |       |     2 |     1 |       |       ||     3
       Fan of gales      |       |       |       |       |       |     1 |       |       |     1 ||     2
       Lightning rod     |       |       |       |       |       |       |       |       |     3 ||     3
  Use: Scroll            |     3 |       |     7 |    15 |    14 |    16 |    19 |    13 |    44 ||   131
       Potion            |       |       |    10 |     6 |     5 |     5 |     7 |     3 |    11 ||    47
 Stab: Sleeping          |     3 |       |     1 |       |     1 |       |       |       |       ||     5
       Confused          |       |     1 |     4 |     4 |     2 |       |       |       |       ||    11
       Distracted        |       |     1 |       |       |     1 |     3 |       |     1 |       ||     6
       Invisible         |       |       |       |       |       |       |       |       |     2 ||     2
       Betrayed ally     |       |       |       |       |       |       |       |       |     2 ||     2
  Eat: Chunk             |     2 |     6 |    16 |    45 |    57 |    30 |    32 |    20 |    24 ||   232
       Bread ration      |     1 |       |       |       |       |     1 |       |       |     5 ||     7
       Fruit             |       |       |     2 |       |       |    16 |    20 |     4 |     6 ||    48
       Meat ration       |       |       |       |       |       |     1 |       |     3 |     4 ||     8
       Royal jelly       |       |       |       |       |       |     2 |       |     3 |     5 ||    10
Armor: Skin              |     5 |     5 |    33 |    37 |    75 |    32 |    31 |    60 |    35 ||   313
Dodge: Dodged            |    23 |    28 |   109 |   111 |   208 |   171 |   113 |   193 |   136 ||  1092
       Deflected         |       |       |       |       |     6 |    86 |    76 |    56 |    80 ||   304
Block: Buckler           |       |       |       |    27 |   101 |   107 |       |       |       ||   235
       Shield            |       |       |       |       |       |   200 |   391 |   469 |   374 ||  1434
       Reflection        |       |       |       |       |       |    16 |   109 |    59 |    70 ||   254
       Large shield      |       |       |       |       |       |       |       |       |    99 ||    99
       Rpst.: Scimitar   |       |       |       |       |       |       |       |       |     7 ||     7

Table legend:
 A = Spawn XP
 B = Non-spawn XP
 C = Spawn XP percentage of total XP
 D = Spawn monster count
 E = Non-spawn monster count
 F = Spawn count percentage of total count
 G = Total turns spent on level
                    A         B        C        D         E        F      G
               +---------+---------+-------+---------+---------+-------+---------
         Total |       0 | 1793554 |   0.0 |       0 |    2757 |   0.0 | 110146
               +---------+---------+-------+---------+---------+-------+---------
           D:1 |       0 |      20 |   0.0 |       0 |      13 |   0.0 |   917
           D:2 |       0 |     144 |   0.0 |       0 |      20 |   0.0 |  1775
           D:3 |       0 |     252 |   0.0 |       0 |      24 |   0.0 |  1369
           D:4 |       0 |     310 |   0.0 |       0 |      11 |   0.0 |  1032
           D:5 |       0 |     931 |   0.0 |       0 |      26 |   0.0 |  2109
           D:6 |       0 |    1923 |   0.0 |       0 |      45 |   0.0 |  2656
           D:7 |       0 |    1634 |   0.0 |       0 |      23 |   0.0 |  1437
           D:8 |       0 |    6136 |   0.0 |       0 |      59 |   0.0 |  1825
           D:9 |       0 |    1718 |   0.0 |       0 |      39 |   0.0 |  1813
          D:10 |       0 |    5400 |   0.0 |       0 |      39 |   0.0 |  2416
          D:11 |       0 |    7494 |   0.0 |       0 |      36 |   0.0 |  1827
          D:12 |       0 |    2752 |   0.0 |       0 |      19 |   0.0 |  2205
          D:13 |       0 |    3077 |   0.0 |       0 |      11 |   0.0 |  1048
          D:14 |       0 |   12881 |   0.0 |       0 |      40 |   0.0 |  2284
          D:15 |       0 |   26950 |   0.0 |       0 |      55 |   0.0 |  2648
        Lair:1 |       0 |    4661 |   0.0 |       0 |      23 |   0.0 |  1220
        Lair:2 |       0 |    9112 |   0.0 |       0 |      61 |   0.0 |  2201
        Lair:3 |       0 |    3158 |   0.0 |       0 |      14 |   0.0 |  1541
        Lair:4 |       0 |    6699 |   0.0 |       0 |      31 |   0.0 |  1143
        Lair:5 |       0 |    8232 |   0.0 |       0 |      39 |   0.0 |  2668
        Lair:6 |       0 |   21810 |   0.0 |       0 |      95 |   0.0 |  2610
      Shoals:1 |       0 |   14317 |   0.0 |       0 |      21 |   0.0 |  1419
      Shoals:2 |       0 |   19831 |   0.0 |       0 |      41 |   0.0 |  1766
      Shoals:3 |       0 |   10519 |   0.0 |       0 |      25 |   0.0 |  1839
      Shoals:4 |       0 |   47223 |   0.0 |       0 |      75 |   0.0 |  3422
       Snake:1 |       0 |   23363 |   0.0 |       0 |      49 |   0.0 |  3084
       Snake:2 |       0 |   25191 |   0.0 |       0 |      52 |   0.0 |  2206
       Snake:3 |       0 |   25072 |   0.0 |       0 |      48 |   0.0 |  2628
       Snake:4 |       0 |   56422 |   0.0 |       0 |      76 |   0.0 |  3152
         Orc:1 |       0 |    3981 |   0.0 |       0 |      60 |   0.0 |   765
         Orc:2 |       0 |   23085 |   0.0 |       0 |     143 |   0.0 |  3724
         Elf:1 |       0 |   29263 |   0.0 |       0 |      43 |   0.0 |  1513
         Elf:2 |       0 |   34294 |   0.0 |       0 |      49 |   0.0 |  1855
         Elf:3 |       0 |   73111 |   0.0 |       0 |      69 |   0.0 |  2229
      Vaults:1 |       0 |   86274 |   0.0 |       0 |     115 |   0.0 |  5487
      Vaults:2 |       0 |   63414 |   0.0 |       0 |      75 |   0.0 |  2053
      Vaults:3 |       0 |   56967 |   0.0 |       0 |      83 |   0.0 |  1931
      Vaults:4 |       0 |   77411 |   0.0 |       0 |     107 |   0.0 |  2889
      Vaults:5 |       0 |  151813 |   0.0 |       0 |     126 |   0.0 |  1821
       Crypt:1 |       0 |   43471 |   0.0 |       0 |      63 |   0.0 |  1449
       Crypt:2 |       0 |   16726 |   0.0 |       0 |      25 |   0.0 |  1106
       Crypt:3 |       0 |  107253 |   0.0 |       0 |     117 |   0.0 |  2163
      Depths:1 |       0 |   44274 |   0.0 |       0 |      63 |   0.0 |  2643
      Depths:2 |       0 |   85570 |   0.0 |       0 |      96 |   0.0 |  4175
      Depths:3 |       0 |  128308 |   0.0 |       0 |     123 |   0.0 |  3530
      Depths:4 |       0 |   80858 |   0.0 |       0 |      73 |   0.0 |  3211
      Depths:5 |       0 |   42612 |   0.0 |       0 |      44 |   0.0 |  1079
         Zot:1 |       0 |   34428 |   0.0 |       0 |      17 |   0.0 |   661
         Zot:2 |       0 |   77725 |   0.0 |       0 |      37 |   0.0 |   905
         Zot:3 |       0 |   82271 |   0.0 |       0 |      44 |   0.0 |  1905
         Zot:4 |       0 |   62840 |   0.0 |       0 |      30 |   0.0 |   971
         Zot:5 |       0 |   25876 |   0.0 |       0 |      11 |   0.0 |   218
           Lab |       0 |    4360 |   0.0 |       0 |      11 |   0.0 |  1200
         IceCv |       0 |   10137 |   0.0 |       0 |      23 |   0.0 |  1334
               +---------+---------+-------+---------+---------+-------+---------
